 Dungeon Crawl Stone Soup version 0.26-a0-695-g987792ac36 (webtiles) character file.

Game seed: 714286265162083821

39664 speedpope the Severer (level 13, -2/124 HPs)
             Began as a Deep Dwarf Fighter on Oct 25, 2020.
             Was a High Priest of Makhleb.
             Slain by a very large slime creature (23 damage)
             ... on level 4 of the Swamp.
             The game lasted 00:13:34 (7716 turns).

speedpope the Severer (Deep Dwarf Fighter)          Turns: 7716, Time: 00:13:36

Health: -2/124     AC: 37    Str: 30    XL:     13   Next: 70%
Magic:  10/10      EV:  7    Int: 10    God:    Makhleb [*****.]
Gold:   484        SH:  0    Dex: 12    Spells: 12/12 levels left

rFire    + . .     SeeInvis .   g - +0 battleaxe (flame)
rCold    + . .     Faith    .   (shield currently unavailable)
rNeg     . . .     Spirit   .   T - +9 scales of the Dragon King {rPois rF+ rC+ MR+}
rPois    +         Reflect  .   h - +2 helmet
rElec    .         Harm     .   B - +2 cloak
rCorr    .         Rampage  .   (no gloves)
MR       ++...                  G - +2 pair of boots
Stlth    ..........             (no amulet)
HPRegen  0.00/turn              o - ring of poison resistance
MPRegen  0.12/turn              C - +6 ring of strength

@: non-regenerating, drained
A: damage resistance, heal wounds, sense surroundings 2, no regeneration
a: Heal Wounds, Minor Destruction, Lesser Servant of Makhleb, Major Destruction,
Greater Servant of Makhleb, Renounce Religion


You were on level 4 of the Swamp.
You worshipped Makhleb.
Makhleb was extremely pleased with you.
You visited 4 branches of the dungeon, and saw 20 of its levels.
You also visited: Sewer.

You collected 689 gold pieces.
You spent 205 gold pieces at shops.

Inventory:

Hand Weapons
 a - a +0 war axe
 b - a +0 broad axe
   (You found it on level 2 of the Lair of Beasts)
 g - a +0 battleaxe of flaming (weapon)
   (You bought it in a shop on level 6 of the Dungeon)
Missiles
 l - a throwing net (quivered)
Armour
 c - a +0 kite shield
 h - a +2 helmet (worn)
   (You found it on level 1 of the Dungeon)
 B - a +2 cloak (worn)
   (You found it on level 9 of the Dungeon)
 G - a +2 pair of boots (worn)
   (You found it on level 1 of the Lair of Beasts)
 L - a +2 chain mail of cold resistance
   (You found it on level 2 of the Lair of Beasts)
 N - a +0 kite shield of protection
   (You found it on level 3 of the Lair of Beasts)
 P - the +0 pair of boots of Dila {Str+3}
   (You found it on level 3 of the Lair of Beasts)

   It affects your strength (+3).
 T - the +9 scales of the Dragon King (worn) {rPois rF+ rC+ MR+}
   (You found it on level 5 of the Lair of Beasts)

   It protects you from fire.
   It protects you from cold.
   It protects you from poison.
   It affects your resistance to hostile enchantments.
Jewellery
 m - a +6 ring of dexterity
   (You found it on level 8 of the Dungeon)
 o - a ring of poison resistance (left hand)
   (You found it on level 7 of the Dungeon)
 C - a +6 ring of strength (right hand)
   (You found it on level 9 of the Dungeon)
 H - an uncursed ring of ice
   (You found it on level 1 of the Lair of Beasts)
Wands
 s - a wand of acid (20)
   (You found it on level 5 of the Dungeon)
 y - a wand of enslavement (10)
   (You found it on level 8 of the Dungeon)
 E - a wand of iceblast (4)
   (You found it on level 1 of the Lair of Beasts)
Scrolls
 i - 3 scrolls of fog
 r - 3 scrolls of identify
 t - 4 scrolls of teleportation
 u - a scroll of fear {unknown}
 x - 5 scrolls of remove curse
 z - a scroll of blinking
 J - a scroll of silence {unknown}
 K - 2 scrolls of vulnerability
 M - 2 scrolls of summoning
 O - 2 scrolls of noise {unknown}
 Q - 2 scrolls of enchant weapon
 S - a scroll of immolation {unknown}
 U - a scroll of enchant armour
Potions
 d - 2 potions of might
 e - 4 potions of lignification
 f - a potion of berserk rage
 j - a potion of degeneration
 k - 3 potions of stabbing
 n - 2 potions of ambrosia
 p - a potion of invisibility
 q - 4 potions of curing
 v - 2 potions of flight
 w - 2 potions of heal wounds
 A - a potion of brilliance {unknown}
 D - 3 potions of mutation
 I - 4 potions of magic
 R - a potion of haste {unknown}
Miscellaneous
 F - a condenser vane (1/2)
   (You found it on level 1 of the Lair of Beasts)


   Skills:
 + Level 10.3(9.3) Fighting
 * Level 15.8(14.6) Axes
 + Level 11.9(10.8) Armour
 - Level 4.0(3.1) Dodging
 - Level 6.0(5.0) Shields
 - Level 12.0(10.9) Invocations


You had 12 spell levels left.
You didn't know any spells.
Your spell library contained the following spells:

 Spells                   Type           Power        Failure   Level
 Sandblast                Erth           #.....       100%        1
 Summon Small Mammal      Summ           #...         100%        1
 Call Imp                 Summ           #.......     100%        2
 Passwall                 Tmut/Erth      #.......     100%        2
 Call Canine Familiar     Summ           #.......     100%        3
 Stone Arrow              Conj/Erth      #.....       100%        3
 Summon Guardian Golem    Hex/Summ       #.......     100%        3
 Ice Form                 Ice/Tmut       #.......     100%        4
 Petrify                  Tmut/Erth      #.......     100%        4
 Summon Ice Beast         Ice/Summ       #.......     100%        4
 Summon Lightning Spire   Summ/Air       #.......     100%        4
 Lee's Rapid Deconstruct  Erth           #.........   100%        5
 Metabolic Englaciation   Hex/Ice        #.........   100%        5
 Freezing Cloud           Conj/Ice/Air   #.........   100%        6
 Ozocubu's Refrigeration  Ice            #.........   100%        6
 Simulacrum               Ice/Necr       #.........   100%        6


Dungeon Overview and Level Annotations

Branches:
Dungeon (9/15)             Temple (1/1) D:4            Lair (6/6) D:9
  Swamp (4/4) Lair:4        Snake (0/4) Lair:3        Slime (0/5) Lair:5
    Orc (0/2) D:9           Sewer (visited)

Altars:
Ashenzari
Dithmenos
Elyvilon
Fedhas
Gozag
Hepliaklqana
Kikubaaqudgha
Makhleb
Nemelex Xobeh
Okawaru
Qazlal
Ru
Sif Muna
Trog
Uskayaw
Vehumet
Wu Jian
Yredelemnul
Zin

Shops:
D:6 ([


Innate Abilities, Weirdness & Mutations

You are resistant to damage.
You can heal yourself by infusing magical energy.
You passively map the area around you.
You do not regenerate.


Message History

You closely miss the swamp drake.
The swamp drake is severely wounded.
You barely miss the slime creature.
You slice one of the two-headed hydra's heads off!
The flame cauterises the wound!
You slash the one-headed hydra! You burn the one-headed hydra.
You slash the cane toad! You burn the cane toad.
You hit the very large slime creature. You burn the very large slime creature.
The one-headed hydra bites you but does no damage.
The very large slime creature hits you!!
* * * LOW HITPOINT WARNING * * *
The cane toad closely misses you.
The swamp drake breathes noxious fumes at you.
The noxious blast engulfs you but does no damage.
The slime creature hits you but does no damage.
Unknown command.
You are too injured to fight recklessly!
The one-headed hydra bites you but does no damage.
The cane toad stings you but does no damage.
The very large slime creature hits you!!
You die...

, * .≈≈≈≈.♣♣≈. .≈ *
,*≈≈≈≈≈..≈≈..≈.≈ ≈≈♣
* ≈, ≈≈≈≈....≈≈...*
≈≈♣ ≈≈≈..≈.≈≈≈..
≈≈≈♣* , ≈≈,
≈≈≈≈.≈≈≈..≈.♣♣≈≈≈♣♣*
≈
.≈≈.≈≈≈.≈.[.≈≈≈≈≈♣♣
≈
≈≈♣$≈≈≈≈wv†.♣♣≈≈≈≈≈♣
≈ ≈$≈≈≈≈○DF≈..≈≈≈≈≈♣
≈, ≈ ♣♣♣♣@Jv≈.§♣≈♣♣♣
* ♣§Jk○≈≈≈♣* ≈ , , ≈
≈≈♣.○♣≈♣♣♣ * , ≈, *≈
≈≈≈♣♣♣♣♣≈♣ * *
.≈≈..* ♣≈≈*, * ≈
♣..♣ * **... * ≈*
♣♣♣ * ≈. , * * ≈ * ≈
* ≈ ≈, * ≈≈ ≈, ≈*


You could see an one-headed hydra, a tyrant leech, a very large slime creature,
a slime creature, a cane toad, a swamp drake (catching breath) and 2
insubstantial wisps.

Vanquished Creatures
  A thorn hunter (Swamp:3)
  The ghost of Melum the Polluter, a journeyman OpVM of Vehumet (Lair:3)
  A ghost crab (Swamp:3)
  5 hydras
  A two-headed ogre (D:8)
  A catoblepas (Lair:3)
  2 alligators
  6 death yaks (Lair:5)
  Pikel (D:7)
  A lindwurm (Lair:3)
  A black mamba (Lair:1)
  13 cane toads
  A rime drake (Lair:4)
  8 komodo dragons
  3 hornets
  A slime creature (Swamp:3)
  28 blink frogs
  A spriggan (Swamp:3)
  5 wyverns
  A basilisk (Lair:1)
  41 yaks
  Eustachio (D:4)
  3 vampire mosquitoes (Swamp:3)
  2 insubstantial wisps (Swamp:4)
  5 nagas (Lair:3)
  4 swamp worms
  5 water moccasins
  2 orc warriors (D:6)
  A sky beast (D:8)
  3 ice beasts
  An ogre (D:9)
  A black bear (Lair:3)
  A necrophage (D:8)
  2 phantoms
  10 wolves
  2 centaurs
  A big kobold (Sewer)
  Blork the orc (D:5)
  20 bullfrogs
  A scorpion (D:6)
  4 killer bees (D:8)
  An electric eel (Lair:2)
  A centaur zombie (D:6)
  A jelly (D:8)
  6 orc priests
  A bullfrog zombie (D:7)
  3 hounds
  8 orc wizards
  Ijyb (D:3)
  2 iguanas
  A worker ant (D:7)
  A killer bee zombie (D:7)
  3 hound skeletons
  A howler monkey zombie (D:8)
  A howler monkey skeleton (D:4)
  10 gnolls
  4 adders
  A shadow imp (D:8)
  3 white imps
  2 ufetubi (D:6)
  An adder zombie (D:6)
  An adder skeleton (D:6)
  2 worms
  2 dart slugs (D:1)
  A leopard gecko (D:4)
  19 orcs
  5 giant cockroaches
  2 goblins (D:1)
  2 hobgoblins (D:1)
  20 jackals
  9 kobolds
  2 quokkas
  3 ball pythons
  A ball python skeleton (D:4)
  4 bats
  4 frilled lizards
  8 rats
330 creatures vanquished.

Vanquished Creatures (others)
  A spriggan druid (Swamp:4)
  A hornet (Swamp:4)
  An insubstantial wisp (Swamp:4)
  19 fungi
  16 plants
38 creatures vanquished.

Grand Total: 368 creatures vanquished

Notes
Turn   | Place    | Note
-------+----------+-------------------------------------------
     0 | D:1      | speedpope the Deep Dwarf Fighter began the quest for the
                  | Orb.
     0 | D:1      | Reached XP level 1. HP: 20/20 MP: 1/1
   150 | D:1      | Reached XP level 2. HP: 27/27 MP: 2/2
   410 | D:2      | Reached skill level 3 in Axes
   454 | D:3      | Noticed Ijyb
   480 | D:3      | Killed Ijyb
   480 | D:3      | Reached XP level 3. HP: 28/34 MP: 3/3
   680 | D:3      | Reached XP level 4. HP: 29/42 MP: 4/4
   709 | D:4      | Reached skill level 4 in Axes
   709 | D:4      | Reached XP level 5. HP: 22/49 MP: 5/5
   821 | D:4      | Reached XP level 6. HP: 35/57 MP: 3/3
   846 | D:4      | Reached skill level 5 in Axes
  1025 | D:4      | Noticed Eustachio
  1056 | D:4      | Killed Eustachio
  1072 | D:4      | Reached skill level 5 in Shields
  1072 | D:4      | Reached XP level 7. HP: 39/64 MP: 4/4
  1078 | D:4      | Found a shimmering blue altar of Sif Muna.
  1128 | D:4      | Reached skill level 5 in Armour
  1158 | D:4      | Reached skill level 6 in Axes
  1294 | D:4      | Found a staircase to the Ecumenical Temple.
  1342 | Temple   | Entered the Ecumenical Temple
  1576 | D:5      | Entered Level 5 of the Dungeon
  1610 | D:5      | Found a shadowy altar of Dithmenos.
  1704 | D:5      | Found a burning altar of Makhleb.
  1739 | D:5      | Found a white marble altar of Elyvilon.
  1744 | D:5      | Became a worshipper of Makhleb the Destroyer
  1753 | D:5      | Noticed Blork the orc
  1760 | D:5      | Killed Blork the orc
  1937 | D:5      | Found a broken altar of Ashenzari.
  2036 | D:6      | Found a glowing drain.
  2044 | D:6      | Reached XP level 8. HP: 33/73 MP: 3/3
  2062 | Sewer    | Entered a sewer
  2189 | Sewer    | Found a white marble altar of Elyvilon.
  2269 | D:6      | Found Botu's Antique Armour Shop.
  2277 | D:6      | Found a radiant altar of Vehumet.
  2321 | D:6      | Reached skill level 7 in Axes
  2341 | D:6      | Reached * piety under Makhleb
  2474 | D:6      | Found a hide-covered altar of Uskayaw.
  2488 | D:6      | Reached skill level 5 in Fighting
  2503 | D:6      | Found Utwuqemu's Weapon Shop.
  2509 | D:6      | Bought a +0 battleaxe of flaming for 205 gold pieces
  2578 | D:6      | Found a blossoming altar of Fedhas.
  2814 | D:6      | Reached skill level 8 in Axes
  2948 | D:7      | Reached skill level 1 in Invocations
  2951 | D:7      | Reached ** piety under Makhleb
  3013 | D:7      | Gained mutation: You passively map the area around you.
                  | [Deep Dwarf growth]
  3013 | D:7      | Reached XP level 9. HP: 59/82 MP: 5/5
  3047 | D:7      | Noticed Pikel
  3066 | D:7      | Killed Pikel
  3066 | D:7      | Reached skill level 9 in Axes
  3085 | D:7      | You fall into a shaft and drop 1 floor!
  3175 | D:8      | Found a burning altar of Makhleb.
  3406 | D:8      | Noticed a two-headed ogre
  3415 | D:8      | Killed a two-headed ogre
  3415 | D:8      | Reached skill level 10 in Axes
  3415 | D:8      | Reached skill level 5 in Invocations
  3489 | D:9      | Reached XP level 10. HP: 45/92 MP: 8/8
  3522 | D:9      | Found a basalt altar of Yredelemnul.
  3523 | D:9      | Found a sparkling altar of Nemelex Xobeh.
  3523 | D:9      | Found a glowing silver altar of Zin.
  3605 | D:9      | Found a staircase to the Lair.
  3622 | Lair:1   | Entered Level 1 of the Lair of Beasts
  3622 | Lair:1   | Noticed a black mamba
  3629 | Lair:1   | Killed a black mamba
  3667 | Lair:1   | Noticed a cane toad
  3677 | Lair:1   | Killed a cane toad
  3677 | Lair:1   | Reached skill level 11 in Axes
  3745 | Lair:1   | Reached *** piety under Makhleb
  3745 | Lair:1   | Noticed a cane toad
  3757 | Lair:1   | Killed a cane toad
  3757 | Lair:1   | Noticed a cane toad
  3771 | Lair:1   | Noticed a cane toad
  3772 | Lair:1   | Killed a cane toad
  3784 | Lair:1   | Killed a cane toad
  3805 | Lair:1   | Reached XP level 11. HP: 102/102 MP: 9/9
  3872 | Lair:1   | Reached skill level 12 in Axes
  4140 | Lair:1   | Noticed an eight-headed hydra
  4149 | Lair:1   | Killed a four-headed hydra
  5316 | Lair:3   | Noticed a lindwurm
  5317 | Lair:3   | Noticed a catoblepas
  5324 | Lair:3   | Killed a lindwurm
  5324 | Lair:3   | Reached skill level 13 in Axes
  5324 | Lair:3   | Reached skill level 10 in Armour
  5342 | Lair:3   | Killed a catoblepas
  5379 | Lair:3   | Reached **** piety under Makhleb
  5395 | Lair:3   | Found a runed translucent door.
  5399 | Lair:3   | Reached XP level 12. HP: 74/112 MP: 11/11
  5465 | Lair:3   | Found a staircase to the Snake Pit.
  5659 | Lair:3   | Reached skill level 1 in Dodging
  5901 | Lair:3   | Noticed an eight-headed hydra
  5913 | Lair:3   | Killed a four-headed hydra
  6028 | Lair:3   | Noticed Melum's ghost (journeyman OpVM)
  6208 | Lair:3   | Killed Melum's ghost
  6208 | Lair:3   | Reached skill level 10 in Invocations
  6213 | Lair:3   | Got a pair of glimmering boots
  6224 | Lair:3   | Identified the +0 pair of boots of Dila {Str+3} (You found
                  | it on level 3 of the Lair of Beasts)
  6305 | Lair:4   | Reached skill level 14 in Axes
  6332 | Lair:4   | Reached ***** piety under Makhleb
  6520 | Lair:4   | Paralysed by a hornet for 3 turns
  6600 | Lair:4   | Noticed a five-headed hydra
  6607 | Lair:4   | Killed a one-headed hydra
  6673 | Lair:5   | Noticed a five-headed hydra
  6682 | Lair:5   | Killed a two-headed hydra
  6720 | Lair:5   | Found the +9 scales of the Dragon King {rPois rF+ rC+ MR+}
  6726 | Lair:6   | Entered Level 6 of the Lair of Beasts
  6868 | Lair:5   | Noticed a death yak
  6869 | Lair:5   | Noticed a death yak
  6869 | Lair:5   | Noticed a death yak
  6869 | Lair:5   | Noticed a death yak
  6870 | Lair:5   | Noticed a death yak
  6870 | Lair:5   | Noticed a death yak
  6879 | Lair:5   | Killed a death yak
  6883 | Lair:5   | Killed a death yak
  6884 | Lair:5   | Reached XP level 13. HP: 121/121 MP: 13/13
  6906 | Lair:5   | Reached skill level 15 in Axes
  6977 | Lair:5   | Found an ancient bone altar of Kikubaaqudgha.
  7151 | Lair:5   | Found a staircase to the Slime Pits.
  7192 | Lair:4   | Reached skill level 10 in Fighting
  7347 | Lair:4   | Found a staircase to the Swamp.
  7422 | Swamp:1  | Entered Level 1 of the Swamp
  7619 | Swamp:3  | Noticed a thorn hunter
  7640 | Swamp:3  | Killed a thorn hunter
  7669 | Swamp:4  | Entered Level 4 of the Swamp
  7693 | Swamp:4  | HP: 3/123 [slime creature (7)]
  7716 | Swamp:4  | Slain by a very large slime creature

Illustrated notes

Levels and vault maps discovered:
D:1:      kilobyte_arrival_exit_the_forest, layout_basic, serial_corexii_hall,
          corexii_hall_statues_x, corexii_hall_statues_i
D:2:      layout_basic, marbit_many_paths, uniq_sigmund
D:3:      layout_loops_ring, tso_oasis_becter, uniq_jessica, uniq_ijyb,
          uniq_terence
D:4:      layout_gridville, lemuel_round_altar, minmay_temple_entry_fiery,
          minmay_ruptured, uniq_eustachio
D:5:      layout_rooms, nicolae_overflow_hidden_temple,
          nicolae_dithmenos_through_a_glass_darkly, kennysheep_mini,
          basic_altar, minmay_misc_feat_tiny, uniq_blork_the_orc
D:6:      layout_loops_cross, overflow_temple_1_default, lemuel_crystal_altar,
          nicolae_ossuary_entry_plus, basic_altar,
          cheibrodos_sewer_entry_sluice, serial_shops, kennysheep_mini_moat,
          shop, kennysheep_generic_room_8
D:7:      layout_basic, ldierk_geyser, uniq_pikel
D:8:      layout_rooms, makhleb_blood_cavern_becter
D:9:      layout_irregular_city, overflow_temple_1_default,
          chequers_temple_overflow_statue_of_worship, lair_entry_dummy,
          orc_0_dummy, serial_shops, shop, uniq_joseph
Temple:   compressed_dpeg_triangle_lava_temple
Lair:1:   layout_roguey, beast_lair_carwin_1
Lair:2:   layout_cave_pods, serial_bayou_ford_a, chequers_serial_rivers_micro_e,
          chequers_serial_rivers_small_a
Lair:3:   layout_regular_city, minmay_snake_entry_guardpost_medium,
          ebering_ghost_reflecting_pool, st_stairs_13
Lair:4:   layout_cave_pods, swamp_mist
Lair:5:   layout_loops_ring, slime_dummy, basic_altar
Lair:6:   grunt_lair_end_beastmaster, layout_long_grid,
          chequers_serial_rivers_micro_a, infiniplex_staircase_pool,
          grunt_megastairs_3
Swamp:1:  layout_falls_marsh, gammafunk_ghost_split, hangedman_swamp_lotus,
          swamp_pool2, infiniplex_staircase_pool_2
Swamp:2:  cheibrodos_swamp_tower_of_moss, layout_basic_swamp,
          nicolae_swamp_feature_on_the_river_bank
Swamp:3:  layout_basic_swamp, nicolae_swamp_treefoil, swamp_pool1
Swamp:4:  swamp_alternative, layout_basic_swamp, swamp_pool4

Skill      XL: |  1  2  3  4  5  6  7  8  9 10 11 12 13 |
---------------+----------------------------------------+-----
Axes           | 3 4 5 6 8 10 11 13 14 15 | 15.8
Fighting       | 3 4 5 6 7 8 9 10 | 10.3
Shields        | 4 5 6 |  6.0
Armour         | 4 5 6 7 9 10 11 | 11.9
Invocations    | 1 5 7 9 10 12 | 12.0
Dodging        | 4 |  4.0

Action                   |  1- 3 |  4- 6 |  7- 9 | 10-12 | 13-15 || total
-------------------------+-------+-------+-------+-------+-------++-------
Melee: War axe           |   105 |   112 |   230 |       |       ||   447
       Battleaxe         |       |       |   178 |   460 |   189 ||   827
 Abil: Heal Wounds       |     1 |     8 |     8 |     8 |    10 ||    35
Evoke: Condenser vane    |       |       |       |       |     1 ||     1
  Use: Scroll            |       |       |    15 |     7 |     4 ||    26
 Stab: Petrified         |       |       |       |     9 |       ||     9
Armor: Scale mail        |    49 |    90 |    66 |       |       ||   205
       Plate armour      |       |       |   231 |   213 |       ||   444
       Chain mail        |       |       |       |   256 |       ||   256
       Gold dragon scale |       |       |       |    18 |   260 ||   278
Dodge: Dodged            |    36 |    46 |   154 |   238 |   114 ||   588
Block: Kite shield       |    50 |    90 |   152 |       |       ||   292

Table legend: (Time is in decaauts)
 A = Elapsed time spent in this place.
 B = Non-inter-level travel time spent in this place.
 C = Inter-level travel time spent in this place.
 D = Time resting spent in this place.
 E = Time spent auto-exploring this place.
 F = Levels seen in this place.
 G = Mean time per level.
                   A        B        C        D        E       F      G
               +--------+--------+--------+--------+--------+-----+--------+
         Total |   7980 |   7620 |    360 |      0 |   5270 |  21 |  380.0 |
       Dungeon |   3430 |   3203 |    227 |      0 |   2014 |   9 |  381.1 |
        Temple |    203 |    203 |      0 |      0 |    200 |   1 |  203.0 |
          Lair |   3835 |   3709 |    126 |      0 |   2783 |   6 |  639.2 |
         Swamp |    303 |    296 |      7 |      0 |    156 |   4 |   75.8 |
         Sewer |    206 |    206 |      0 |      0 |    116 |   1 |  206.0 |
               +--------+--------+--------+--------+--------+-----+--------+

Top non-repeatable levels by time:
  Lair:3: 943 daAuts
  Lair:2: 923 daAuts
     D:6: 839 daAuts
  Lair:1: 804 daAuts
     D:4: 734 daAuts
  Lair:4: 655 daAuts
  Lair:5: 506 daAuts
     D:5: 401 daAuts
     D:8: 394 daAuts
     D:1: 348 daAuts
     D:3: 256 daAuts
   Sewer: 206 daAuts
  Temple: 203 daAuts
 Swamp:1: 191 daAuts
     D:9: 164 daAuts
